 Dungeon Crawl Stone Soup version 0.30-a0-711-gf4ac18a38d (webtiles) character file.

Game seed: 17859492665635438110

991 tilp the Trooper (level 8, 0/66 (68) HPs)
             Began as a Meteoran Fighter on Jan 22, 2023.
             Slain by a wight
             ... wielding a +2 morningstar
              (10 damage)
             ... on level 5 of the Dungeon.
             The game lasted 00:08:29 (1866 turns).

tilp the Trooper (Meteoran Fighter)                 Turns: 1866, Time: 00:08:29

HP:   0/66 (68)     AC: 10    Str: 18    XL:     8   Next: 69%
MP:   9/9           EV: 11    Int: 10    God:
Gold: 104           SH:  6    Dex: 15    Spells: 7/7 levels left

rFire   . . .      SeeInvis .    a - +1 long sword (flame)
rCold   + . .      Faith    .    c - +1 buckler
rNeg    . . .      Spirit   .    b - +0 scale mail
rPois   .          Reflect  .    (no helmet)
rElec   .          Harm     .    (no cloak)
rCorr   .          Rampage  .    s - +2 pair of gloves
Will    +....                    (no boots)
Stlth   +                        (no amulet)
HPRegen 0.31/turn                h - ring of protection from cold
MPRegen 0.11/turn                i - ring of flight

@: flying, glowing, lightly drained
A: sense surroundings 1, otherworldly, glowing, explore regen
a: no special abilities


You were on level 5 of the Dungeon.
You visited 1 branch of the dungeon, and saw 6 of its levels.
You also visited: Sewer.

You collected 104 gold pieces.

Inventory:

Hand Weapons
 a - a +1 long sword of flaming (weapon)
Missiles
 g - 13 poisoned darts (quivered)
 u - a boomerang
 y - 2 curare-tipped darts
Armour
 b - a +0 scale mail (worn)
 c - a +1 buckler (worn)
 m - a scarf of shadows
 s - a +2 pair of gloves (worn)
Jewellery
 h - a ring of protection from cold (left hand)
 i - a ring of flight (right hand)
Wands
 q - a wand of roots (8)
 x - a wand of mindburst (10)
Scrolls
 f - a scroll of identify
 l - a scroll of magic mapping
 r - a scroll of teleportation
Potions
 d - 4 potions of might
 e - 2 potions of cancellation
 j - 2 potions of invisibility {unknown}
 k - 3 potions of mutation {unknown}
 n - a potion of lignification
 o - a potion of resistance
 p - 4 potions of curing
 w - a potion of brilliance {unknown}
 z - a potion of magic {unknown}


   Skills:
 * Level 5.2 Fighting
 + Level 4.7 Long Blades
 * Level 3.4 Throwing
 + Level 4.8 Armour
 + Level 4.8 Dodging
 + Level 2.7 Stealth
 - Level 4.0 Shields
 * Level 3.3 Evocations


You had 7 spell levels left.
You didn't know any spells.
Your spell library was empty.

Dungeon Overview and Level Annotations

Branches:
Dungeon (6/15) Zot: 1902    Sewer (visited)
 Temple: D:4-7

Altars:

Annotations:
D:4 2 transporters, johnj's ghost, amateur DjHW


Innate Abilities, Weirdness & Mutations

You passively map a small area around you.
You are easily found by Zot.
You glow in the dark.
You regain HP and MP as you explore.


Message History

You destroy the wight!
The wight hits you from afar with a +0 trident!
Your life force feels restored.
The wight barely misses you.
Things that are here:
a +0 short sword; a +0 robe You hit the wight.
You burn the wight.
The wight is moderately damaged.
The wight hits you but does no damage.
You barely miss the wight.
The wight is moderately damaged.
The wight closely misses you.
You closely miss the wight.
The wight is lightly damaged.
The wight hits you with a +0 trident!
* * * LOW HITPOINT WARNING * * *
The necrophage barely misses you. The wight closely misses you.
The necrophage hits you but does no damage.
You hit the wight. You burn the wight.
The wight is heavily damaged.
The wight hits you with a +0 trident!
* * * LOW HITPOINT WARNING * * *
You block the necrophage's attack.
You slash the wight! You burn the wight.
You destroy the wight!
The necrophage barely misses you.
You closely miss the wight. The wight barely misses you.
The necrophage barely misses you.
You hit the wight. You burn the wight.
The wight is moderately damaged.
The wight hits you with a +2 morningstar!
* * * LOW HITPOINT WARNING * * *
You feel drained. You block the necrophage's attack.
You barely miss the wight.
The wight is moderately damaged.
You block the wight's attack. You block the necrophage's attack.
You hit the wight but do no damage.
The wight is moderately damaged.
The wight hits you with a +2 morningstar!
You die...

# # # # ##### # #****
###...# #
#...########...#.#### #
*#....z@n...........# #
#.#..#####..#......# #
#...,,,.......(....####
##.,**###..##.........#
**********#.,**
*#.###......##..
*_*_*_*_*_#,,,***#..*
#......###.
*,*,*,*,*,8,,,**,..#*
#########..
_,,,,,,,,,,,<,,,.##*
*#***** #.#
_,,,,,,,,,,,,,****
*...,,* #.#


You could see a necrophage and a wight.

Vanquished Creatures
  A black bear (D:5)
  3 kobold brigands (Sewer)
  3 scorpions
  2 wights (D:5)
  2 howler monkeys
  A hound (D:4)
  A jelly (D:5)
  Natasha (thrice) (D:3)
  An iguana (D:4)
  4 gnolls
  3 adders
  A river rat (D:5)
  A shadow imp (D:5)
  A white imp (D:5)
  3 worms
  A dart slug (D:3)
  4 orcs (D:3)
  6 endoplasms
  6 giant cockroaches
  6 goblins
  4 hobgoblins
  15 kobolds
  5 quokkas
  5 ball pythons
  5 bats
  5 frilled lizards
  9 rats
101 creatures vanquished.

Notes
Turn   | Place    | Note
-------+----------+-------------------------------------------
     0 | D:1      | tilp the Meteoran Fighter began the quest for the Orb.
     0 | D:1      | Reached XP level 1. HP: 19/19 MP: 2/2
    67 | D:1      | Reached XP level 2. HP: 25/26 MP: 3/3
    68 | D:1      | Reached skill level 1 in Dodging
   286 | D:1      | Reached XP level 3. HP: 29/31 MP: 4/4
   616 | D:3      | Reached XP level 4. HP: 38/38 MP: 5/5
   671 | D:3      | Found a faded altar of an unknown god.
   678 | D:3      | Noticed Natasha
   684 | D:3      | Killed Natasha
   685 | D:3      | Reached skill level 1 in Stealth
   685 | D:3      | Reached XP level 5. HP: 46/46 MP: 6/6
   978 | D:4      | Reached skill level 4 in Fighting
   978 | D:4      | Reached XP level 6. HP: 51/52 MP: 7/7
  1019 | D:3      | Noticed Natasha
  1032 | D:3      | Killed Natasha
  1034 | D:3      | Noticed Natasha
  1040 | D:3      | Killed Natasha
  1220 | D:4      | Found a transporter.
  1224 | D:4      | Found a transporter.
  1224 | D:4      | Noticed johnj's ghost (amateur DjHW)
  1295 | D:4      | Reached skill level 1 in Throwing
  1295 | D:4      | Reached skill level 1 in Evocations
  1295 | D:4      | Reached XP level 7. HP: 47/59 MP: 8/8
  1317 | D:5      | Entered Level 5 of the Dungeon
  1466 | D:5      | Found a glowing drain.
  1473 | Sewer    | Entered a sewer
  1501 | Sewer    | Reached XP level 8. HP: 53/67 MP: 9/9
  1839 | D:5      | Reached skill level 5 in Fighting
  1866 | D:5      | Slain by a wight

Illustrated notes

Levels and vault maps discovered:
D:1:      spicycebolla_green_bress_n_ham, layout_basic
D:2:      minmay_general_purpose_star, layout_basic, minmay_liquid_box,
          chequers_avenue, uniq_crazy_yiuf_cottage
D:3:      layout_basic, hellmonk_ecumenical_altar_zigzags, uniq_natasha
D:4:      minmay_bubble_buster, layout_loops_ring, gammafunk_ghost_arena
D:5:      cheibrodos_two_vegetables, layout_rooms, minitemple,
          gup_sewer_entry_bubbles
D:6:      cheibrodos_quashed, layout_cave_pools, temple_hall,
          roderic_serpentine_path

Skill      XL: |  1  2  3  4  5  6  7  8 |
---------------+-------------------------+-----
Dodging        | 1 2 3 4 |  4.8
Shields        | 4 |  4.0
Armour         | 4 |  4.8
Long Blades    | 3 4 |  4.7
Stealth        | 1 2 |  2.7
Fighting       | 4 5 |  5.2
Throwing       | 1 2 3 |  3.4
Evocations     | 1 2 3 |  3.3

Action                     |  1- 3 |  4- 6 |  7- 9 || total
---------------------------+-------+-------+-------++-------
  Melee: Long sword        |   100 |   138 |   169 ||   407
    Use: Scroll            |       |     6 |     7 ||    13
 Armour: Scale mail        |    67 |    77 |    82 ||   226
  Dodge: Dodged            |    49 |    80 |    95 ||   224
  Block: Buckler           |    30 |    29 |    52 ||   111

Table legend: (Time is in decaauts)
 A = Elapsed time spent in this place.
 B = Non-inter-level travel time spent in this place.
 C = Inter-level travel time spent in this place.
 D = Time resting spent in this place.
 E = Time spent auto-exploring this place.
 F = Levels seen in this place.
 G = Mean time per level.
                   A        B        C        D        E       F      G
               +--------+--------+--------+--------+--------+-----+--------+
         Total |   1988 |   1790 |    198 |     38 |      0 |   7 |  284.0 |
       Dungeon |   1696 |   1498 |    198 |      0 |      0 |   6 |  282.7 |
         Sewer |    292 |    292 |      0 |     38 |      0 |   1 |  292.0 |
               +--------+--------+--------+--------+--------+-----+--------+

Top non-repeatable levels by time:
     D:3: 632 daAuts
     D:1: 411 daAuts
   Sewer: 292 daAuts
     D:5: 268 daAuts
     D:2: 195 daAuts
     D:4: 187 daAuts
     D:6: 1 daAuts
